 Dungeon Crawl Stone Soup version 0.24-a0-537-g2d01d4ab0a (webtiles) character file.

Game seed: 10468838373464924627

134 Mithandil the Skirmisher (level 4, -1/52 HPs)
             Began as a Demonspawn Abyssal Knight on Aug 14, 2019.
             Was a Believer of Lugonu.
             Slain by a hobgoblin
             ... wielding a +0 club
             ... led by Robin
              (3 damage)
             ... on level 2 of the Dungeon.
             The game lasted 00:09:27 (1628 turns).

Mithandil the Skirmisher (DsAK)                     Turns: 1628, Time: 00:09:27

Health: -1/52      AC: 22    Str: 13    XL:     4   Next: 95%
Magic:  6/6        EV: -1    Int: 14    God:    Lugonu [**....]
Gold:   92         SH:  0    Dex: 12    Spells: 3/3 levels left

rFire    . . .     SeeInvis .   b - +0 dagger (drain)
rCold    . . .     Gourm    .   (no shield)
rNeg     + + +     Faith    .   (armour currently unavailable)
rPois    +         Spirit   .   (helmet currently unavailable)
rElec    .         Reflect  .   (cloak currently unavailable)
rCorr    .         Harm     .   (gloves currently unavailable)
MR       .....     NoTele   +   (boots currently unavailable)
Stlth    +++.......             (no amulet)
HPRegen  0.17/turn              m - ring of stealth
MPRegen  0.10/turn              (no ring)

@: tree-form, constricted
A: no striking features
a: Depart the Abyss, Bend Space, Renounce Religion


You were on level 2 of the Dungeon.
You worshipped Lugonu.
Lugonu was pleased with you.
You were not hungry.
You were a tree.
You visited 1 branch of the dungeon, and saw 3 of its levels.
You visited the Abyss 1 time.

You collected 92 gold pieces.

Inventory:

Hand Weapons
 a - a +1 falchion
 b - a +0 dagger of draining (weapon)
 d - a +0 whip
Missiles
 f - 23 stones
 h - 6 poisoned darts (quivered)
 i - 13 arrows
Armour
 e - a cursed +0 ring mail (melded)
 g - a +0 leather armour
Jewellery
 m - a ring of stealth (left branch)
Comestibles
 c - 3 rations
 k - 12 chunks of flesh


   Skills:
 + Level 3.3 Fighting
 * Level 1.1(2.0) Short Blades
 * Level 2.5(2.7) Long Blades
 + Level 1.1 Throwing
 + Level 2.2 Armour
 + Level 1.3 Dodging
 + Level 1.2 Stealth
 + Level 1.0 Unarmed Combat
 + Level 3.1 Invocations


You had 3 spell levels left.
You didn't know any spells.
Your spell library was empty.

Dungeon Overview and Level Annotations

Branches:
Dungeon (3/15)

Altars:
Nemelex Xobeh


Innate Abilities, Weirdness & Mutations

((Your flesh is heat resistant. (rF+)))


Message History

The hobgoblin hits you but does no damage.
You hit the hobgoblin.
The hobgoblin is lightly wounded.
The hobgoblin hits you but does no damage. x2
The goblin completely misses you.
The hobgoblin hits you but does no damage.
You closely miss the hobgoblin.
The hobgoblin is lightly wounded.
The hobgoblin hits you but does no damage. x2
The goblin hits you with a +0 dagger.
* * * LOW HITPOINT WARNING * * *
You hit the hobgoblin. You drain the hobgoblin.
You kill the hobgoblin!
Lugonu accepts your kill.
The hobgoblin hits you but does no damage. x2
The ball python bites you but does no damage.
The ball python grabs you. The ball python constricts you.
The goblin hits you but does no damage.
You barely miss the ball python. The hobgoblin hits you with a +0 club.
You die...

[..................#
#.................>#
####.÷..g.......##
##....#..........#
.........#.#.........
.........g#.÷........#
.........g##....####...
......Sgg###g..# ....
.......#.##♣g..# ....
.##...##))#Sg..#
#........g...#.
#.........#......
#..............##
#.........######
#........## #........#
#........#


You could see 2 hobgoblins, 2 goblins and a ball python.

Vanquished Creatures
  A hound (D:2)
  Robin (D:2)
  4 gnolls (D:2)
  2 adders (D:2)
  2 leopard geckos
  5 bats
  A giant cockroach (D:1)
  7 goblins
  3 hobgoblins (D:2)
  A quokka (D:2)
  A ball python (D:1)
  4 frilled lizards
  2 kobolds
  4 rats
38 creatures vanquished.

Notes
Turn   | Place    | Note
-------+----------+-------------------------------------------
     0 | Abyss:1  | Mithandil the Demonspawn Abyssal Knight began the quest for
                  | the Orb.
     0 | Abyss:1  | Reached XP level 1. HP: 18/18 MP: 2/2
    21 | D:1      | Escaped the Abyss
   143 | D:2      | Reached skill level 1 in Dodging
   167 | D:2      | Noticed a hound
   301 | D:1      | Gained mutation: Your flesh is heat resistant. (rF+)
                  | [demonic ancestry]
   301 | D:1      | Reached XP level 2. HP: 23/24 MP: 3/3
   443 | D:1      | Found a sparkling altar of Nemelex Xobeh.
  1164 | D:2      | Reached XP level 3. HP: 20/29 MP: 5/5
  1302 | D:2      | Reached skill level 1 in Stealth
  1302 | D:2      | Reached XP level 4. HP: 20/35 MP: 6/6
  1305 | D:2      | Reached ** piety under Lugonu
  1363 | D:2      | Reached skill level 1 in Throwing
  1428 | D:2      | Reached skill level 1 in Short Blades
  1428 | D:2      | Reached skill level 1 in Unarmed Combat
  1450 | D:2      | HP: 2/52 [poisoned by an adder]
  1582 | D:2      | Noticed Robin
  1624 | D:2      | Killed Robin
  1626 | D:2      | HP: 1/52 [goblin/+0 dagger[Robin] (3)]
  1628 | D:2      | Slain by a hobgoblin

Levels and vault maps discovered:
D:1:      lightli_arrival_flooded_house, layout_basic,
          nemelex_diamond_rough_becter
D:2:      layout_rooms, nemelex_altar_shiori, glass_columns_a, uniq_robin
D:3:      layout_basic, kennysheep_vampire_church

Skill      XL: |  1  2  3  4 |
---------------+-------------+-----
Dodging        | 1 |  1.3
Long Blades    | 2 |  2.5
Armour         | 2 |  2.2
Stealth        | 1 |  1.2
Throwing       | 1 |  1.1
Invocations    | 3 |  3.1
Short Blades   | 1 |  1.1
Unarmed Combat | 1 |  1.0
Fighting       | |  3.3

Action                   |  1- 3 |  4- 6 || total
-------------------------+-------+-------++-------
Melee: Falchion          |    25 |       ||    25
       Dagger            |    59 |    76 ||   135
  Use: Potion            |     2 |     2 ||     4
       Scroll            |     1 |     1 ||     2
  Eat: Chunk             |     1 |     1 ||     2
Armor: Ring mail         |    39 |    25 ||    64
       Leather armour    |     2 |       ||     2
       Skin              |       |    25 ||    25
Dodge: Dodged            |    50 |    33 ||    83
       Rpst.: Falchion   |     9 |       ||     9

Table legend:
 A = Non-vault XP
 B = Vault XP
 C = Vault XP percentage of total XP
 D = Non-vault monster count
 E = Vault monster count
 F = Vault count percentage of total count
                 A         B        C        D         E       F
            +---------+---------+-------+---------+---------+-------
      Total |     171 |      21 |  10.9 |      34 |       4 |  10.5
            +---------+---------+-------+---------+---------+-------
        D:1 |      26 |       0 |   0.0 |      15 |       0 |   0.0
        D:2 |     145 |      21 |  12.7 |      19 |       4 |  17.4
            +---------+---------+-------+---------+---------+-------
